 Dungeon Crawl Stone Soup version 0.31-a0-187-gba352fbbf7 (webtiles) character file.

Game seed: 17941411638819071053

23 qw the Shooter (level 2, 0/16 HPs)
             Began as a Deep Elf Hunter on June 22, 2023.
             Succumbed to their own poison gas
             ... on level 1 of the Dungeon.
             The game lasted 00:00:16 (821 turns).

qw the Shooter (Deep Elf Hunter)                     Turns: 821, Time: 00:00:17

Health: 0/16       AC:  6    Str:  8    XL:     2   Next: 75%
Magic:  4/4        EV: 13    Int: 13    God:
Gold:   935        SH:  0    Dex: 18    Spells: 1/1 levels left

rFire   . . .        Y - +0 shortbow
rCold   . . .        (shield currently unavailable)
rNeg    . . .        h - +0 steam dragon scales
rPois   .            i - +0 helmet
rElec   .            (no cloak)
rCorr   .            (no gloves)
SInv    .            (no boots)
Will    .....        (no amulet)
Stlth   ++           (no ring)
HPRegen 0.22/turn    (no ring)
MPRegen 0.09/turn

%: no passive effects
@: lethally poisoned (0 -> -2)
A: no striking features
a: no special abilities


You were on level 1 of the Dungeon.
You visited 1 branch of the dungeon, and saw 1 of its levels.

You collected 935 gold pieces.


   Skills:
 - Level 1.5 Fighting
 + Level 6.5 Ranged Weapons
 - Level 2.4 Dodging
 - Level 1.2 Stealth


You had one spell level left.
You didn't know any spells.
Your spell library was empty.

Inventory:

Hand Weapons
 Y - a +0 shortbow (weapon)
Armour
 h - +0 steam dragon scales (worn)
 i - a +0 helmet (worn)
Scrolls
 a - a scroll of identify

Dungeon Overview and Level Annotations

Branches:
Dungeon (1/15)

Altars:


Message History

You now have 935 gold pieces (gained 876).
There is an open door here.
You see here a +0 leather armour.
Done exploring.
Done exploring.
813 ||| DROPPING scroll of butterflies.
You drop a scroll of butterflies.
Done exploring.
(D) Dungeon
Where to? (* - list waypoints, ? - help)
What level of the Dungeon? (default 1, ? - help) Sorry, I don't know how to get there.
Enter note:
Enter note:
Enter note:
Enter note:
Enter note:
Enter note:
Enter note:
Enter note:
Enter note: Really walk into that cloud of poison gas?
You are engulfed in poison gas.
You are poisoned.
You feel very sick.
815 ||| Stepping ~*~*~tactically~*~*~ (cloud).
You feel very sick.
There is an open door here.
Things that are here:
a scroll of butterflies; a +0 leather armour
There is a lethal amount of poison in your body!
You feel sick.
There is a lethal amount of poison in your body!
You feel sick.
There is a lethal amount of poison in your body!
You feel sick.
There is a lethal amount of poison in your body!
You feel sick.
There is a lethal amount of poison in your body!
You feel sick.
There is a lethal amount of poison in your body!
You die...

#.......#.#########'####.....#
#######.#%.....####..........##
#........+...............
###########......################
.......#.........#
######.#.###########
.....#.#.#.....¤¤#0#
##..%..#.#.....¤.¤.#
#......#.#######@#)##
#......#.#....#.0¤¤0#
...#.#.#.####¤¤¤¤0¤.#
..##.#.#.######0¤¤¤.#
...#.#.#...%....0¤0##
##.#.#.#############
##.#.#.......# .#.#.#######.#
...#.#....##.#


There were no monsters in sight!

Vanquished Creatures
  A dart slug (D:1)
  2 giant cockroaches (D:1)
  A hobgoblin (D:1)
  4 jackals (D:1)
  A kobold (D:1)
  A quokka (D:1)
  4 ball pythons (D:1)
  A bat (D:1)
  3 goblins (D:1)
  A rat (D:1)
19 creatures vanquished.

Notes
Turn   | Place    | Note
-------+----------+-------------------------------------------
     0 | D:1      | qw the Deep Elf Hunter began the quest for the Orb.
     0 | D:1      | Reached XP level 1. HP: 12/12 MP: 3/3
     0 | D:1      | 0 ||| qw: Version: 0.3-a-9-g12657ce
     0 | D:1      | 0 ||| qw: Game counter: 2017
     0 | D:1      | 0 ||| qw: Always use a shield: true
     0 | D:1      | 0 ||| qw: God list: Okawaru
     0 | D:1      | 0 ||| qw: Allow faded altars: false
     0 | D:1      | 0 ||| qw: Do Orc after D:15 true
     0 | D:1      | 0 ||| qw: Do second Lair branch before Depths: true
     0 | D:1      | 0 ||| qw: Lair rune preference: random
     0 | D:1      | 0 ||| qw: Plans: Normal
     0 | D:1      | 0 ||| PLANNING D:1-11
    90 | D:1      | 90 ||| FLEEEEING.
    91 | D:1      | 91 ||| FLEEEEING.
   369 | D:1      | Reached XP level 2. HP: 16/16 MP: 4/4
   373 | D:1      | Reached skill level 6 in Ranged Weapons
   792 | D:1      | 792 ||| UPGRADING to +0 steam dragon scales.
   802 | D:1      | 802 ||| DROPPING +0 leather armour.
   803 | D:1      | 803 ||| UPGRADING to +0 helmet.
   808 | D:1      | 808 ||| READING 2 scrolls labelled MAUPLY RIFICWY.
   809 | D:1      | 809 ||| READING scroll labelled HOX UVALAGH.
   810 | D:1      | 810 ||| READING scroll labelled XYVIHI CIMUO.
   811 | D:1      | 811 ||| READING scroll labelled ONWUTI XUROFIG.
   811 | D:1      | Identified a scroll of acquirement
   811 | D:1      | 811 ||| ACQUIRING 876 gold pieces
   811 | D:1      | Acquired 876 gold pieces
   813 | D:1      | 813 ||| DROPPING scroll of butterflies.
   815 | D:1      | 815 ||| Stepping ~*~*~tactically~*~*~ (cloud).
   817 | D:1      | HP: 4/16 [poisoned by you (poison gas)]
   820 | D:1      | HP: 1/16 [poisoned by you (poison gas)]
   821 | D:1      | Succumbed to their own poison gas

Levels and vault maps discovered:
D:1:      scummos_arrival_hexagon, layout_basic

Skill      XL: |  1  2 |
---------------+-------+-----
Ranged Weapons | 6 |  6.5
Fighting       | |  1.5
Dodging        | |  2.4
Stealth        | |  1.2

Action                     || total
---------------------------++-------
   Fire: Shortbow          ||    47
    Use: Scroll            ||     4
 Armour: Leather armour    ||     1
  Dodge: Dodged            ||    11

Table legend:
 A = Non-vault XP
 B = Vault XP
 C = Vault XP percentage of total XP
 D = Non-vault monster count
 E = Vault monster count
 F = Vault count percentage of total count
                 A         B        C        D         E       F
            +---------+---------+-------+---------+---------+-------
      Total |      34 |       0 |   0.0 |      19 |       0 |   0.0
            +---------+---------+-------+---------+---------+-------
        D:1 |      34 |       0 |   0.0 |      19 |       0 |   0.0
            +---------+---------+-------+---------+---------+-------
